 Dungeon Crawl Stone Soup version 0.31-a0-988-g08d55dae12 (webtiles) character file.

Game seed: 8923016624414370108

33 BinkBink the Trooper (level 3, -6/33 HPs)
             Began as a Hill Orc Fighter on Nov 5, 2023.
             Mangled by Terence
             ... wielding a +2 hand axe of electrocution
              (13 damage)
             ... on level 2 of the Dungeon.
             The game lasted 00:01:08 (840 turns).

BinkBink the Trooper (Hill Orc Fighter)              Turns: 840, Time: 00:01:08

Health: -6/33      AC:  8    Str: 20    XL:     3   Next: 29%
Magic:  3/3        EV:  9    Int:  8    God:
Gold:   44         SH:  4    Dex: 10    Spells: 2/2 levels left

rFire   . . .        a - +0 war axe
rCold   . . .        c - +0 buckler
rNeg    . . .        b - +0 scale mail
rPois   .            (no helmet)
rElec   .            g - +0 cloak
rCorr   .            (no gloves)
SInv    .            (no boots)
Will    .....        (no amulet) Stlth
                     (no ring)
HPRegen 0.25/turn    (no ring)
MPRegen 0.08/turn

%: no passive effects
@: no status effects
A: no striking features
a: no special abilities


You were on level 2 of the Dungeon.
You visited 1 branch of the dungeon, and saw 2 of its levels.

You collected 44 gold pieces.

Inventory:

Hand Weapons
 a - a +0 war axe (weapon)
Armour
 b - a +0 scale mail (worn)
 c - a +0 buckler (worn)
 g - a +0 cloak (worn)
Scrolls
 e - a scroll of fear {unknown}
 h - 3 scrolls of identify {unknown}
 j - a scroll of enchant weapon {unknown}
Potions
 d - a potion of might
 f - a potion of berserk rage {unknown}
 i - a potion of resistance {unknown}
 k - a potion of enlightenment {unknown}


   Skills:
 * Level 4.0 Fighting
 * Level 3.3 Axes
 * Level 3.6 Armour
 + Level 0.3 Dodging
 * Level 3.7 Shields


You had 2 spell levels left.
You didn't know any spells.
Your spell library contained the following spells:

 Spells                   Type           Power      Damage    Failure   Level
 Foxfire                  Conj/Fire      0%         2x1d4     83%         1


Dungeon Overview and Level Annotations

Branches:
Dungeon (2/15)

Altars:

Shops:
D:1 (   D:2 :

Annotations:
D:2 Terence


Message History

The worm is severely wounded.
The worm bites you but does no damage.
You hit the worm.
The worm is almost dead.
The worm bites you.
You hit the worm.
You kill the worm!
No target in view!
No target in view!
You see here a +0 rapier.
There is an entrance to Viqept's Book Shoppe here.
k - a black potion
Found a stone staircase leading down.
There is a stone staircase leading down here.
You open the door.
Terence the Incautious comes into view.
He is wielding a +2 hand axe of electrocution and wearing a +4 scale mail of willpower.
There is an open door here.
Terence is nearby!
Terence is nearby!
Terence asks, "Do you want it fast or slow?"
Terence hits you but does no damage.
You barely miss Terence. You block Terence's attack.
You hit Terence.
Terence is lightly wounded.
Terence hits you with a +2 hand axe of electrocution.
You are electrocuted!
Terence closely misses you.
You are too injured to fight recklessly!
You are too injured to fight recklessly!
You are too injured to fight recklessly!
You are too injured to fight recklessly!
You are too injured to fight recklessly!
You hit Terence but do no damage.
Terence is lightly wounded.
Terence hits you with a +2 hand axe of electrocution.
You closely miss Terence.
Terence is lightly wounded.
Terence hits you with a +2 hand axe of electrocution!
* * * LOW HITPOINT WARNING * * *
You are electrocuted!
You die...

#_......................#
#......................##
##.....................#
.^...................##
#........)...........#
...........##'########
..................#
..............?...#
##.....@.....#
#.....@.....#
#.....####### #......
#...... #...... .......
##.....


You could see Terence.

Vanquished Creatures
  2 worms (D:2)
  A dart slug (D:1)
  4 endoplasms
  A giant cockroach (D:1)
  4 goblins (D:1)
  2 hobgoblins
  A ball python (D:2)
  A bat (D:1)
  A frilled lizard (D:2)
  2 kobolds
  7 rats
26 creatures vanquished.

Vanquished Creatures (others)
  A frilled lizard (D:1)
1 creature vanquished.

Grand Total: 27 creatures vanquished

Notes
Turn   | Place    | Note
-------+----------+-------------------------------------------
     0 | D:1      | BinkBink the Hill Orc Fighter began the quest for the Orb.
     0 | D:1      | Reached XP level 1. HP: 19/19 MP: 1/1
   136 | D:1      | Reached XP level 2. HP: 27/27 MP: 2/2
   275 | D:1      | Found Izeadwy's Antique Weapon Emporium.
   650 | D:2      | Identified the of Jaigriaj
   650 | D:2      | Found Viqept's Book Shoppe.
   652 | D:2      | Found a faded altar of an unknown god.
   681 | D:2      | Reached XP level 3. HP: 25/33 MP: 3/3
   682 | D:2      | Reached skill level 4 in Fighting
   833 | D:2      | Noticed Terence
   840 | D:2      | Mangled by Terence

Illustrated notes

Levels and vault maps discovered:
D:1:      reono_arrival_forest_river, layout_loops_ring, serial_shops, shop,
          minmay_tree_intersection
D:2:      layout_basic, serial_shops, shop, shapermc_ecumenical_altar_rom_forum,
          uniq_terence

Skill      XL: |  1  2  3 |
---------------+----------+-----
Axes           | 3 |  3.3
Fighting       | 4 |  4.0
Armour         | |  3.6
Dodging        | |  0.3
Shields        | |  3.7

Action                     || total
---------------------------++-------
  Melee: War axe           ||    60
 Armour: Scale mail        ||    31
  Dodge: Dodged            ||    20
  Block: Buckler           ||     9

Table legend: (Time is in decaauts)
 A = Elapsed time spent in this place.
 B = Non-inter-level travel time spent in this place.
 C = Inter-level travel time spent in this place.
 D = Time resting spent in this place.
 E = Time spent auto-exploring this place.
 F = Levels seen in this place.
 G = Mean time per level.
                   A        B        C        D        E       F      G
               +--------+--------+--------+--------+--------+-----+--------+
         Total |    869 |    857 |     12 |      0 |    695 |   2 |  434.5 |
       Dungeon |    869 |    857 |     12 |      0 |    695 |   2 |  434.5 |
               +--------+--------+--------+--------+--------+-----+--------+

Top non-repeatable levels by time:
     D:1: 671 daAuts
     D:2: 198 daAuts
